Map: Apotheosis LE

Players

Bails

  • Race: Protoss Protoss
  • League: Grandmaster

True - Winner!

  • Race: Zerg Zerg
  • League: Grandmaster

Event: Cheesadelphia Summer 2016

VOD

Have the link to the VOD?

Description

Time

  • Played on: July 24, 2016, 5:08 p.m.
  • Length: 13:55

All games in this series

Show
View Real Time Build Order
Export as new Build Order

Bails Protoss 

Build Orders: Dark Templar Rush 

Get SALT Encoding   

  12  0:00  Probe (Chrono Boost)  
  13  0:11  Probe (Chrono Boost)  
  14  0:21  Pylon  
  14  0:22  Probe (Chrono Boost)  
  15  0:39  Probe (Chrono Boost)  
  15  0:42  Gateway  
  16  0:50  Probe (Chrono Boost)  
  16  0:51  Assimilator  
  17  1:00  Probe (Chrono Boost)  
  19  1:11  Probe (Chrono Boost)  
  19  1:22  Probe (Chrono Boost)  
  19  1:25  Zealot  
  20  1:31  Cybernetics Core  
  23  1:34  Probe (Chrono Boost)  
  23  1:36  Pylon  
  23  2:12  Nexus  
  23  2:19  Assimilator  
  23  2:20  Warp Gate  
  23  2:26  Adept  
  26  2:30  Probe (Chrono Boost)  
  26  2:40  Probe (Chrono Boost)  
  27  2:48  Twilight Council  
  27  2:51  Probe (Chrono Boost)  
  28  2:58  Adept  
  30  3:05  Probe (Chrono Boost), Pylon  
  31  3:22  Resonating Glaives  
  31  3:23  Probe (Chrono Boost)  
  31  3:24  Dark Shrine  
  32  3:29  Probe (Chrono Boost)  
  33  3:40  Gateway  
  33  3:42  Probe (Chrono Boost)  
  33  3:45  Probe (Chrono Boost)  
  33  3:48  Sentry  
  37  3:52  Probe (Chrono Boost)  
  38  3:57  Probe (Chrono Boost)  
  39  4:03  Probe (Chrono Boost)  
  39  4:06  Gateway  
  39  4:09  Probe (Chrono Boost)  
  41  4:14  Probe (Chrono Boost)  
  41  4:17  Pylon  
  42  4:20  Probe (Chrono Boost)  
  42  4:21  Assimilator  
  43  4:24  Probe (Chrono Boost)  
  43  4:30  Probe (Chrono Boost)  
  45  4:35  Probe (Chrono Boost)  
  45  4:36  Dark Templar x2  
  50  4:41  Pylon  
  52  4:45  Probe (Chrono Boost)  
  51  4:54  Nexus  
  51  4:57  Mothership Core (Chrono Boost)  
  53  5:02  Probe (Chrono Boost), Pylon  
  54  5:08  Dark Templar  
  54  5:13  Probe (Chrono Boost)  
  57  5:15  Probe (Chrono Boost)  
  58  5:23  Probe (Chrono Boost)  
  58  5:24  Robotics Facility  
  58  5:25  Probe (Chrono Boost)  
  60  5:29  Blink  
  60  5:30  Stalker  
  60  5:34  Probe (Chrono Boost)  
  63  5:36  Probe (Chrono Boost)  
  64  5:44  Probe (Chrono Boost)  
  64  5:47  Probe (Chrono Boost)  
  66  5:51  Assimilator  
  66  5:55  Pylon  
  66  5:56  Probe (Chrono Boost)  
  67  5:57  Probe (Chrono Boost), Pylon  
  67  5:59  Sentry, Pylon  
  70  6:06  Pylon  
  70  6:07  Immortal  
  70  6:08  Probe x2 (Chrono Boost)  
  75  6:19  Probe (Chrono Boost), Forge  
  75  6:20  Probe (Chrono Boost)  
  75  6:21  Probe (Chrono Boost)  
  77  6:29  Probe (Chrono Boost)  
  77  6:32  Probe (Chrono Boost)  
  80  6:33  Probe (Chrono Boost)  
  80  6:36  Gateway  
  80  6:37  Sentry  
  80  6:38  Sentry, Gateway  
  80  6:39  Sentry, Protoss Ground Weapons Level 1  
  82  6:40  Gateway  
  82  6:41  Warp Prism  
  84  6:48  Assimilator  
  84  6:50  Pylon  
  84  6:54  Pylon  
  84  6:58  Pylon  
  84  7:02  Stalker x2  
  84  7:08  Stalker  
  90  7:10  Probe (Chrono Boost)  
  90  7:12  Probe (Chrono Boost)  
  90  7:13  Immortal  
  93  7:16  Probe (Chrono Boost)  
  98  7:22  Probe (Chrono Boost)  
  98  7:24  Assimilator  
  98  7:25  Probe (Chrono Boost), Pylon  
  98  7:29  Photon Cannon  
  99  7:31  Pylon  
  99  7:36  Stalker x2  
  99  7:37  Stalker  
  105  7:40  Robotics Bay  
  105  7:49  Stalker x2  
  105  7:50  Pylon  
  109  7:54  Nexus  
  109  8:02  Photon Cannon  
  109  8:03  Probe x2 (Chrono Boost)  
  109  8:05  Pylon  
  111  8:06  Stalker  
  111  8:08  Stalker  
  111  8:11  Adept x2  
  120  8:14  Probe (Chrono Boost)  
  120  8:17  Probe (Chrono Boost)  
  121  8:22  Disruptor  
  121  8:30  Adept  
  126  8:39  Stalker  
  126  8:40  Stalker x4  
  130  8:53  Adept, Photon Cannon  
  130  8:54  Photon Cannon, Disruptor  
  130  8:55  Probe (Chrono Boost), Photon Cannon  
  132  8:57  Pylon  
  132  8:59  Probe (Chrono Boost)  
  132  9:00  Pylon  
  136  9:08  Stalker x3  
  136  9:09  Stalker x2  
  140  9:25  Disruptor  
  140  9:27  Probe (Chrono Boost)  
  140  9:28  Probe (Chrono Boost)  
  131  9:38  Protoss Ground Weapons Level 2  
  131  9:40  Stalker x6  
  143  9:46  Pylon  
  143  9:49  Nexus  
  143  9:51  Pylon  
  143  9:57  Gateway  
  143  9:59  Gateway, Disruptor  
  143  10:05  Adept, Pylon  
  148  10:08  Sentry x3  
  148  10:09  Sentry x2  
  157  10:19  Pylon  
  155  10:21  Pylon  
  155  10:35  Observer  
  156  10:46  Robotics Facility  
  156  10:49  Probe (Chrono Boost)  
  141  10:51  Disruptor  
  139  10:57  Stalker  
  139  10:58  Stalker x5  
  147  11:06  Observer Gravitic Boosters  
  147  11:17  Photon Cannon  
  147  11:18  Photon Cannon  
  147  11:22  Disruptor  
  147  11:23  Stalker x4, Pylon  
  147  11:24  Stalker  
  160  11:34  Dark Shrine  
  160  11:35  Warp Prism  
  161  11:46  Adept x3  
  161  11:47  Adept x3  
  169  11:51  Adept x2  
  177  12:02  Pylon  
  166  12:13  Photon Cannon  
  166  12:14  Pylon  
  166  12:15  Photon Cannon  
  162  12:18  Stalker x2  
  162  12:19  Stalker x4  
  151  12:23  Stalker, Pylon  
  151  12:24  Stalker  
  122  13:22  Templar Archives  
  110  13:37  Stalker  
  110  13:38  Stalker x4  
Show
View Real Time Build Order
Export as new Build Order

True Zerg - Winner!

Build Orders: 3 Hatch before Pool, Lurkers 

Get SALT Encoding   

  12  0:01  Drone  
  13  0:07  Drone  
  14  0:41  Hatchery, Drone  
  14  0:45  Overlord  
  14  0:52  Extractor  
  14  0:53  Drone  
  15  1:21  Hatchery, Drone  
  15  1:23  Drone  
  16  1:31  Extractor  
  15  1:47  Spawning Pool  
  15  1:51  Drone  
  15  2:01  Drone x3  
  18  2:03  Drone x2  
  20  2:13  Drone  
  20  2:14  Drone  
  22  2:24  Drone  
  22  2:28  Hatchery  
  22  2:29  Drone  
  23  2:35  Metabolic Boost  
  23  2:36  Zergling x2  
  24  2:42  Queen  
  26  2:46  Zergling x2  
  26  2:48  Overlord  
  27  3:05  Overlord  
  27  3:06  Queen  
  27  3:08  Drone x4  
  33  3:17  Overlord  
  33  3:18  Drone  
  34  3:20  Queen  
  36  3:30  Drone x2  
  38  3:35  Roach Warren  
  38  3:40  Drone x3  
  40  3:49  Drone x2  
  40  3:50  Drone x2  
  40  3:51  Drone  
  40  3:52  Drone  
  46  4:00  Drone  
  46  4:02  Drone, Overlord  
  48  4:16  Roach x3  
  48  4:17  Roach x2  
  58  4:18  Overlord  
  58  4:24  Extractor  
  58  4:25  Overlord  
  57  4:33  Overlord  
  57  4:37  Lair  
  57  4:46  Drone  
  57  4:47  Drone x11  
  57  4:49  Overlord  
  69  4:53  Queen x2  
  69  4:56  Drone  
  69  4:59  Overlord  
  74  5:05  Hatchery  
  73  5:07  Evolution Chamber  
  73  5:08  Drone  
  73  5:09  Drone x6  
  73  5:10  Drone  
  73  5:13  Extractor  
  79  5:15  Drone x2  
  79  5:18  Spore Crawler  
  79  5:19  Spore Crawler  
  77  5:21  Overlord  
  77  5:27  Drone x2  
  77  5:28  Spore Crawler  
  76  5:33  Pneumatized Carapace  
  77  5:36  Overseer  
  77  5:39  Zergling x10  
  81  5:43  Zergling x4  
  81  5:46  Overseer  
  81  5:59  Drone x5  
  86  6:10  Extractor  
  85  6:13  Drone x2  
  85  6:17  Drone  
  88  6:21  Drone x6  
  88  6:22  Drone x2  
  93  6:26  Overlord  
  93  6:30  Overlord  
  93  6:32  Overlord  
  88  6:33  Drone  
  88  6:34  Extractor x2  
  88  6:38  Overlord  
  88  6:39  Drone  
  88  6:40  Drone  
  88  6:42  Zergling x2  
  88  6:43  Zergling x2  
  90  6:49  Zerg Melee Weapons Level 1, Overlord  
  90  6:53  Baneling Nest, Overlord  
  89  6:58  Drone x6  
  89  6:59  Zergling x8  
  99  7:02  Zergling x2  
  99  7:08  Zergling x2  
  101  7:10  Zergling x6  
  101  7:12  Zergling x2  
  101  7:13  Zergling x2  
  101  7:14  Hydralisk Den  
  105  7:16  Overlord, Zergling x2  
  105  7:17  Zergling x6  
  105  7:19  Ravager x5  
  105  7:21  Zergling x2  
  105  7:22  Zergling x2  
  116  7:25  Zergling x2  
  116  7:27  Zergling x2  
  118  7:30  Zergling x6  
  118  7:31  Zergling x2  
  118  7:32  Zergling x2  
  118  7:35  Zergling x2  
  118  7:36  Centrifical Hooks  
  124  7:37  Overlord  
  124  7:38  Zergling x4  
  124  7:39  Baneling x4  
  126  7:47  Lurker Den  
  126  7:49  Zergling x14  
  133  7:56  Overlord  
  133  7:59  Drone x2  
  133  8:04  Overlord  
  135  8:16  Zergling x2  
  135  8:18  Overlord  
  133  8:20  Hydralisk  
  133  8:21  Hydralisk x5  
  133  8:25  Drone x5  
  133  8:26  Drone  
  151  8:27  Zergling x2  
  151  8:29  Zergling x6  
  151  8:30  Spire, Zergling x4  
  151  8:32  Extractor  
  151  8:33  Extractor  
  151  8:35  Zergling x4  
  151  8:36  Zergling x2  
  151  8:37  Zergling x2  
  151  8:38  Zergling x2  
  151  8:39  Zergling x2  
  151  8:40  Zergling x2  
  151  8:41  Hatchery  
  140  8:43  Hydralisk  
  140  8:44  Hydralisk  
  138  8:49  Zerg Melee Weapons Level 2  
  138  8:56  Zergling x16  
  138  8:58  Baneling x5  
  138  9:00  Baneling x5  
  145  9:03  Zergling x4  
  145  9:05  Zergling x4  
  150  9:10  Zergling x12  
  150  9:11  Zergling x2  
  150  9:17  Zergling x2  
  150  9:18  Zergling x4  
  150  9:19  Zergling x2  
  150  9:20  Zergling x2  
  150  9:22  Zergling x2  
  132  9:27  Zergling x8  
  132  9:30  Zergling x2  
  123  9:31  Lurker x2  
  123  9:32  Lurker x2  
  123  9:37  Drone x2  
  123  9:38  Drone  
  130  9:42  Overlord  
  130  9:43  Zerg Flyer Weapons Level 1  
  130  9:50  Drone x3  
  133  9:54  Extractor, Overlord  
  133  9:55  Overlord  
  133  9:57  Zergling x2  
  133  9:58  Zergling x2  
  134  10:01  Zergling x2  
  134  10:04  Zergling x6  
  134  10:05  Zergling x2  
  139  10:11  Drone x4  
  139  10:12  Drone x2  
  139  10:13  Extractor  
  144  10:14  Overlord  
  144  10:15  Zergling x4  
  144  10:16  Extractor, Zergling x6  
  144  10:21  Zergling x2  
  149  10:22  Spore Crawler  
  149  10:24  Zergling x6  
  149  10:25  Zergling x2  
  149  10:27  Zergling x4  
  152  10:32  Zergling x6  
  152  10:33  Zergling x2  
  152  10:35  Zergling x2  
  152  10:39  Mutalisk  
  150  10:44  Mutalisk x5  
  150  10:51  Mutalisk x3  
  150  10:52  Mutalisk x3  
  150  10:53  Mutalisk  
  164  11:00  Mutalisk x3  
  164  11:01  Mutalisk x2  
  164  11:02  Mutalisk  
  176  11:05  Overlord  
  176  11:07  Extractor  
  176  11:08  Mutalisk  
  176  11:10  Mutalisk  
  179  11:14  Mutalisk  
  179  11:17  Mutalisk  
  183  11:23  Mutalisk  
  185  11:27  Mutalisk  
  185  11:30  Mutalisk  
  189  11:34  Mutalisk  
  189  11:38  Mutalisk  
  189  11:42  Mutalisk  
  189  11:44  Mutalisk  
  187  11:55  Mutalisk  
  187  11:56  Hatchery  
  187  11:59  Mutalisk  
  187  12:04  Mutalisk  
  187  12:05  Zergling x2  
  187  12:06  Zergling x24  
  195  12:15  Mutalisk x3  
  190  12:17  Mutalisk  
  190  12:20  Mutalisk  
  199  12:28  Baneling x8  
  199  12:32  Mutalisk  
  199  12:33  Overseer  
  192  12:38  Mutalisk  
  192  12:42  Mutalisk  
  180  12:49  Mutalisk  
  180  12:50  Mutalisk  
  170  12:52  Zergling x22  
  170  12:54  Mutalisk  
  181  12:58  Mutalisk  
  181  13:01  Zergling x6  
  181  13:02  Zergling x2  
  187  13:12  Overlord  
Tags
 
Add a new tag
Caveats
  • Supply blocks, unpowered buildings, or Contaminate may cause inaccurate times.
  • Supply counts are checked every 10 seconds.